Spitfire vs Blackdemons
Created - 3 mars 2014 at 19:03
Goals
|
| Spitfire |
1 |
2 |
1 |
4 |
| Blackdemons |
1 |
0 |
1 |
2 |
|
Shots
|
| Spitfire |
15 |
13 |
8 |
36 |
| Blackdemons |
12 |
11 |
10 |
33 |
|
1st period
1. Spitfire , Erik Condra 31 (Paul Bissonnette, Keaton Ellerby) at 3:47
2. Blackdemons , Denis Hamel 23 (Tomas Kopecky, Nate Prosser) at 7:14
Penalties :
Matt Hunwick (MJM) for Tripping (Minor) at 9:18
2nd period
3. Spitfire , Brad Staubitz 22 (Danny Syvret, Radek Smolenak) at 17:33
4. Spitfire , Erik Condra 32 (Keaton Ellerby, Danny Syvret) at 19:10
Penalties :
Kris Beech (Val) for Boarding (Minor) at 8:13
3rd period
5. Blackdemons , Steven Zalewski 4 (Brendon Nash, Nate Prosser) at 1:41
6. Spitfire , Erik Condra 33 (Rick Schofield, Mathieu Roy) at 12:49
Penalties :
Kris Beech (Val) for Holding (Minor) at 3:01, Enver Lisin (MJM) for Delaying the game (Minor) at 14:10
Goalie Stats
Todd Ford (Val), 31 saves from 33 shots - (0,939), W, 16-12-4, 60:00 minutes
Brent Johnson (MJM), 32 saves from 36 shots - (0,889), L, 1-1-0, 60:00 minutes
Players Stats for Spitfire
Player Name G A P +/- PIM S H SB GA TA FO MP PP MP PK MP
------------------------------------------------------------------------------------
Andrew Campbell 0 0 0 0 0 0 0 0 0 0 0/0 12:06 0:00 0:00
Brad Staubitz 1 0 1 0 0 3 0 1 2 1 1/1 13:55 0:14 0:00
Danny Syvret 0 2 2 2 0 1 0 2 1 0 0/0 19:01 1:36 1:50
Denis Shvidki 0 0 0 0 0 6 1 2 1 0 5/11 25:29 2:03 1:44
Eric Mestery 0 0 0 -1 0 0 0 0 0 0 0/0 4:34 0:00 0:00
Erik Condra 3 0 3 2 0 6 0 0 2 2 0/1 17:06 1:55 0:00
Josh Brittain 0 0 0 0 0 0 0 0 0 0 0/0 0:00 0:00 0:00
Keaton Ellerby 0 2 2 2 0 0 0 0 0 0 0/0 19:01 1:36 1:50
Kris Beech 0 0 0 0 4 5 0 0 0 0 13/28 19:37 1:49 0:00
MacGregor Sharp 0 0 0 0 0 0 0 0 0 0 1/6 13:32 0:00 1:43
Mathieu Roy 0 1 1 1 0 3 0 3 1 1 0/0 24:19 2:22 2:08
Matt Delahey 0 0 0 -1 0 0 1 0 0 0 0/0 4:34 0:00 0:00
Michael Stone 0 0 0 0 0 0 1 0 0 0 0/0 11:16 0:00 0:00
Patrick Davis 0 0 0 0 0 0 0 0 0 0 0/0 0:12 0:00 0:00
Paul Bissonnette 0 1 1 2 0 2 0 1 1 0 0/0 18:13 1:55 1:14
Peter Harrold 0 0 0 1 0 3 2 3 0 1 0/0 25:09 2:22 2:08
Radek Smolenak 0 1 1 0 0 2 0 1 0 0 0/1 15:03 0:00 1:31
Raymond Sawada 0 0 0 0 0 0 1 2 0 1 1/2 8:09 0:14 0:00
Rick Schofield 0 1 1 2 0 2 1 0 1 0 9/14 17:08 1:55 0:02
Tim Kennedy 0 0 0 0 0 3 1 0 1 0 0/0 18:38 1:49 0:00
Tony Lucia 0 0 0 0 0 0 0 0 0 1 0/0 8:58 0:00 1:42
Players Stats for Blackdemons
Player Name G A P +/- PIM S H SB GA TA FO MP PP MP PK MP
------------------------------------------------------------------------------------
Andrew MacDonald 0 0 0 -1 0 0 0 1 1 2 0/0 15:33 1:45 0:12
Antoine Roussel 0 0 0 -1 0 4 3 0 1 1 2/2 20:45 1:59 1:18
Barry Tallackson 0 0 0 -1 0 3 3 0 0 0 0/0 13:37 0:18 2:06
Brandon Dubinsky 0 0 0 -1 0 4 0 1 1 0 13/28 20:00 1:50 0:38
Brendon Nash 0 1 1 0 0 2 2 0 0 1 0/0 23:57 2:13 1:49
Denis Hamel 1 0 1 0 0 4 2 0 0 0 1/2 17:07 1:38 0:28
Enver Lisin 0 0 0 -1 2 1 2 0 3 0 1/3 20:07 1:50 0:46
Jakub Kindl 0 0 0 -1 0 2 2 1 0 0 0/0 21:53 1:45 1:49
Matt Calvert 0 0 0 0 0 2 0 0 0 0 1/1 8:08 0:00 0:00
Matt Hunwick 0 0 0 -1 2 0 2 1 1 3 0/0 19:23 0:00 0:55
Michael Haley 0 0 0 0 0 0 0 0 0 0 0/0 8:25 0:06 0:00
Nate Prosser 0 2 2 0 0 1 3 1 0 1 0/0 25:25 2:13 2:09
Sam Gagner 0 0 0 0 0 1 3 0 0 1 7/12 17:15 1:53 0:00
Shawn Belle 0 0 0 -1 0 3 0 3 0 0 0/0 13:42 0:00 1:02
Shawn Matthias 0 0 0 -1 0 2 2 1 0 0 4/6 12:26 0:27 0:39
Steven Zalewski 1 0 1 0 0 2 0 1 0 1 2/5 8:08 0:00 0:00
Tomas Kopecky 0 1 1 0 0 2 3 0 0 0 2/4 18:58 1:53 2:01
Zach Boychuk 0 0 0 -1 0 0 1 1 0 0 1/1 11:11 0:00 0:00
3 Stars
1 - Erik Condra (Val)
2 - Danny Syvret (Val)
3 - Keaton Ellerby (Val)
Power Play
Spitfire - 0 on 2 Attempt(s) - 0,00%
Blackdemons - 0 on 2 Attempt(s) - 0,00%
Penalty Kill
Spitfire - 2 on 2 Attempt(s) - 100,00%
- Score 0 goal in Penalty Kill
Blackdemons - 2 on 2 Attempt(s) - 100,00%
- Score 0 goal in Penalty Kill
Official
Referees : Jackson Dave and LaRue Dennis
Linesman : Tony Sericolo and Darren Gibbs
Game Notes
Erik Condra has scored a Hat Trick!
Mathieu Roy is injured at 19:09 of 3rd period (Sprained Left Ankle)
Finance
Level 1 -- Attendance: 1381 (69,05%) -- Ticket Income 41 430 $
Level 2 -- Attendance: 779 (77,90%) -- Ticket Income 7 790 $
Total Attendance: 2160 (72,00%)
Total Ticket Income: 49 220 $
Other Income: 2 461 $
Total Income: 51 681 $
Spitfire
5 vs 5 Forward
Center Left Wing Right Wing Time % Phy DF OF
1 Kris Beech Tim Kennedy Denis Shvidki 40 1 2 2
2 Rick Schofield Paul Bissonnette Erik Condra 30 1 2 2
3 MacGregor Sharp Radek Smolenak Brad Staubitz 20 1 2 2
4 Denis Shvidki Tony Lucia Raymond Sawada 10 1 2 2
5 vs 5 Defense
Defense Defense Time % Phy DF OF
1 Mathieu Roy Peter Harrold 40 1 2 2
2 Keaton Ellerby Danny Syvret 30 1 2 2
3 Andrew Campbell Michael Stone 20 1 2 2
4 Matt Delahey Eric Mestery 10 1 2 2
PowerPlay Forward
Center Left Wing Right Wing Time % Phy DF OF
1 Kris Beech Tim Kennedy Denis Shvidki 60 1 2 2
2 Rick Schofield Paul Bissonnette Erik Condra 40 1 2 2
PowerPlay Defense
Defense Defense Time % Phy DF OF
1 Mathieu Roy Peter Harrold 60 1 2 2
2 Keaton Ellerby Danny Syvret 40 1 2 2
Penalty Kill 4 Players Forward
Center Wing Time % Phy DF OF
1 Denis Shvidki Kris Beech 60 1 2 2
2 Tim Kennedy Erik Condra 40 1 2 2
Penalty Kill 4 Players Defense
Defense Defense Time % Phy DF OF
1 Mathieu Roy Peter Harrold 60 1 2 2
2 Keaton Ellerby Danny Syvret 40 1 2 2
Penalty Kill - 3 Players Forward
Forward Time % Phy DF OF
1 Denis Shvidki 60 1 2 2
2 Kris Beech 40 1 2 2
Penalty Kill - 3 Players Defense
Defense Defense Time % Phy DF OF
1 Mathieu Roy Peter Harrold 60 1 2 2
2 Keaton Ellerby Danny Syvret 40 1 2 2
4 vs 4 Forward
Center Wing Time % Phy DF OF
1 Denis Shvidki Kris Beech 60 1 2 2
2 Tim Kennedy Erik Condra 40 1 2 2
4 vs 4 Defense
Defense Defense Time % Phy DF OF
1 Mathieu Roy Peter Harrold 60 1 2 2
2 Keaton Ellerby Danny Syvret 40 1 2 2
Last Minutes Offensive
Center Left Wing Right Wing Defense Defense
Kris Beech Tim Kennedy Denis Shvidki Mathieu Roy Peter Harrold
Last Minutes Defensive
Center Left Wing Right Wing Defense Defense
Kris Beech Tim Kennedy Denis Shvidki Mathieu Roy Peter Harrold
Goaltenders
Starting : Todd Ford
Backup : Yann Danis
Extra Forwards
Normal : Brad Staubitz, Raymond Sawada, Radek Smolenak - PP : Brad Staubitz, Raymond Sawada - PK : Radek Smolenak
Extra Defensemen
Normal : Andrew Campbell, Michael Stone, Matt Delahey - PP : Andrew Campbell - PK : Michael Stone, Matt Delahey
Penalty Shots
Denis Shvidki, Kris Beech, Tim Kennedy, Erik Condra, Brad Staubitz
Blackdemons
5 vs 5 Forward
Center Left Wing Right Wing Time % Phy DF OF
1 Brandon Dubinsky Antoine Roussel Enver Lisin 40 1 1 3
2 Sam Gagner Denis Hamel Tomas Kopecky 30 1 1 3
3 Shawn Matthias Zach Boychuk Barry Tallackson 20 1 2 2
4 Steven Zalewski Matt Calvert Michael Haley 10 1 3 1
5 vs 5 Defense
Defense Defense Time % Phy DF OF
1 Brendon Nash Nate Prosser 40 1 3 1
2 Matt Hunwick Jakub Kindl 35 1 3 1
3 Andrew MacDonald Shawn Belle 25 1 3 1
4 Brendon Nash Nate Prosser 0 1 3 1
PowerPlay Forward
Center Left Wing Right Wing Time % Phy DF OF
1 Sam Gagner Antoine Roussel Tomas Kopecky 60 1 0 4
2 Brandon Dubinsky Denis Hamel Enver Lisin 40 1 0 4
PowerPlay Defense
Defense Defense Time % Phy DF OF
1 Brendon Nash Nate Prosser 60 1 2 2
2 Andrew MacDonald Jakub Kindl 40 1 2 2
Penalty Kill 4 Players Forward
Center Wing Time % Phy DF OF
1 Tomas Kopecky Barry Tallackson 60 1 4 0
2 Enver Lisin Antoine Roussel 40 1 3 1
Penalty Kill 4 Players Defense
Defense Defense Time % Phy DF OF
1 Matt Hunwick Nate Prosser 60 1 3 1
2 Brendon Nash Jakub Kindl 40 1 4 0
Penalty Kill - 3 Players Forward
Forward Time % Phy DF OF
1 Tomas Kopecky 60 0 5 0
2 Enver Lisin 40 0 5 0
Penalty Kill - 3 Players Defense
Defense Defense Time % Phy DF OF
1 Matt Hunwick Nate Prosser 60 1 4 0
2 Nate Prosser Jakub Kindl 40 1 4 0
4 vs 4 Forward
Center Wing Time % Phy DF OF
1 Brandon Dubinsky Antoine Roussel 60 1 2 2
2 Enver Lisin Tomas Kopecky 40 1 2 2
4 vs 4 Defense
Defense Defense Time % Phy DF OF
1 Matt Hunwick Jakub Kindl 60 1 3 1
2 Brendon Nash Nate Prosser 40 1 3 1
Last Minutes Offensive
Center Left Wing Right Wing Defense Defense
Sam Gagner Antoine Roussel Enver Lisin Brendon Nash Nate Prosser
Last Minutes Defensive
Center Left Wing Right Wing Defense Defense
Tomas Kopecky Antoine Roussel Enver Lisin Matt Hunwick Nate Prosser
Goaltenders
Starting : Brent Johnson
Backup : Marc Denis
Extra Forwards
Normal : Shawn Matthias, Barry Tallackson, Sam Gagner - PP : Shawn Matthias, Barry Tallackson - PK : Shawn Matthias
Extra Defensemen
Normal : Andrew MacDonald, Shawn Belle, Jakub Kindl - PP : Matt Hunwick - PK : Shawn Belle, Andrew MacDonald
Penalty Shots
Brandon Dubinsky, Enver Lisin, Tomas Kopecky, Antoine Roussel, Denis Hamel
% Time on Ice - Spitfire
Lines # - Real PCT - Wanted PCT - Time Play
Normal Forward
1 - 33% - 40% - 17:03
2 - 31% - 30% - 16:18
3 - 24% - 20% - 12:31
4 - 12% - 10% - 6:12
Normal Defense
1 - 40% - 40% - 20:39
2 - 30% - 30% - 15:35
3 - 22% - 20% - 11:16
4 - 9% - 10% - 4:34
PP Forward
1 - 52% - 60% - 2:03
2 - 48% - 40% - 1:55
PP Defense
1 - 60% - 60% - 2:22
2 - 40% - 40% - 1:36
PK Forward
1 - 100% - 60% - 3:58
2 - 0% - 40% - 0:00
PK Defense
1 - 54% - 60% - 2:08
2 - 46% - 40% - 1:50
PK3 Forward
1 - 0% - 60%
2 - 0% - 40%
PK3 Defense
1 - 0% - 60%
2 - 0% - 40%
44 Forward
1 - 0% - 60%
2 - 0% - 40%
44 Defense
1 - 0% - 60%
2 - 0% - 40%
Last Minute Offensive - 0:00
Last Minute Defensive - 0:00
Total
Forward - 60:00
Defense - 60:00
|
% Time on Ice - Blackdemons
Lines # - Real PCT - Wanted PCT - Time Play
Normal Forward
1 - 34% - 40% - 17:41
2 - 29% - 30% - 15:04
3 - 21% - 20% - 11:11
4 - 16% - 10% - 8:08
Normal Defense
1 - 40% - 40% - 21:05
2 - 35% - 35% - 18:19
3 - 24% - 25% - 12:40
4 - 0% - 0% - 0:00
PP Forward
1 - 54% - 60% - 2:08
2 - 46% - 40% - 1:50
PP Defense
1 - 56% - 60% - 2:13
2 - 44% - 40% - 1:45
PK Forward
1 - 67% - 60% - 2:40
2 - 33% - 40% - 1:18
PK Defense
1 - 54% - 60% - 2:09
2 - 46% - 40% - 1:49
PK3 Forward
1 - 0% - 60%
2 - 0% - 40%
PK3 Defense
1 - 0% - 60%
2 - 0% - 40%
44 Forward
1 - 0% - 60%
2 - 0% - 40%
44 Defense
1 - 0% - 60%
2 - 0% - 40%
Last Minute Offensive - 0:00
Last Minute Defensive - 0:00
Total
Forward - 60:00
Defense - 60:00
|
Play by Play
1st period
0:01 of 1st period - Kris Beech wins face-off versus Brandon Dubinsky in neutral zone.
0:08 of 1st period - Wrist shot by Kris Beech.
0:08 of 1st period - Shot Misses the Net.
0:36 of 1st period - Kris Beech is hit by Barry Tallackson and loses puck.
0:53 of 1st period - Snap shot by Erik Condra.
0:53 of 1st period - Stopped by Brent Johnson with a rebound.
2:23 of 1st period - Wrist shot by Denis Hamel.
2:23 of 1st period - Stopped by Todd Ford without a rebound.
2:24 of 1st period - Brandon Dubinsky wins face-off versus MacGregor Sharp in Spitfire zone.
2:45 of 1st period - Slapshot by Brandon Dubinsky.
2:45 of 1st period - Stopped by Todd Ford with a rebound.
2:47 of 1st period - Wrist shot by Tomas Kopecky.
2:47 of 1st period - Deflect By Sam Gagner.
2:47 of 1st period - Stopped by Todd Ford with a rebound.
2:49 of 1st period - Slapshot by Jakub Kindl.
2:49 of 1st period - Shot Misses the Net.
3:47 of 1st period - Wrist shot by Erik Condra.
3:47 of 1st period - Goal by Erik Condra - Spitfire : 1 - Blackdemons : 0.
3:48 of 1st period - Antoine Roussel wins face-off versus Kris Beech in neutral zone.
4:19 of 1st period - Keaton Ellerby is hit by Brendon Nash and loses puck.
4:45 of 1st period - Snap shot by Radek Smolenak.
4:45 of 1st period - Stopped by Brent Johnson without a rebound.
4:46 of 1st period - Brandon Dubinsky wins face-off versus Kris Beech in Blackdemons zone.
4:53 of 1st period - Snap shot by Brandon Dubinsky.
4:53 of 1st period - Stopped by Todd Ford without a rebound.
4:54 of 1st period - Kris Beech wins face-off versus Brandon Dubinsky in Spitfire zone.
6:00 of 1st period - Icing by Michael Haley.
6:01 of 1st period - Denis Shvidki wins face-off versus Steven Zalewski in Blackdemons zone.
6:06 of 1st period - Wrist shot by Denis Shvidki.
6:06 of 1st period - Shot Misses the Net.
6:18 of 1st period - Snap shot by Brendon Nash.
6:18 of 1st period - Shot Blocked by Denis Shvidki.
6:20 of 1st period - Wrist shot by Michael Haley.
6:20 of 1st period - Deflect By Matt Calvert.
6:20 of 1st period - Stopped by Todd Ford without a rebound.
6:21 of 1st period - Brandon Dubinsky wins face-off versus Rick Schofield in Spitfire zone.
6:22 of 1st period - Snap shot by Enver Lisin.
6:22 of 1st period - Shot Misses the Net.
6:28 of 1st period - Slapshot by Paul Bissonnette.
6:28 of 1st period - Shot Blocked by Andrew MacDonald.
6:30 of 1st period - Snap shot by Danny Syvret.
6:30 of 1st period - Shot Misses the Net.
6:50 of 1st period - Off-side.
6:51 of 1st period - Kris Beech wins face-off versus Denis Hamel in neutral zone.
7:14 of 1st period - Snap shot by Denis Hamel.
7:14 of 1st period - Goal by Denis Hamel - Spitfire : 1 - Blackdemons : 1.
7:15 of 1st period - Kris Beech wins face-off versus Brandon Dubinsky in neutral zone.
7:28 of 1st period - Denis Shvidki is hit by Brendon Nash and loses puck.
8:09 of 1st period - Off-side.
8:10 of 1st period - Kris Beech wins face-off versus Sam Gagner in neutral zone.
8:15 of 1st period - Snap shot by Denis Shvidki.
8:15 of 1st period - Stopped by Brent Johnson with a rebound.
8:33 of 1st period - Snap shot by Denis Hamel.
8:33 of 1st period - Shot Misses the Net.
8:49 of 1st period - Wrist shot by Denis Hamel.
8:49 of 1st period - Shot Blocked by Denis Shvidki.
8:51 of 1st period - Slapshot by Shawn Belle.
8:51 of 1st period - Stopped by Todd Ford without a rebound.
8:52 of 1st period - Rick Schofield wins face-off versus Brandon Dubinsky in Spitfire zone.
8:52 of 1st period - Rick Schofield is hit by Antoine Roussel.
9:18 of 1st period - Minor Penalty to Matt Hunwick for Tripping.
9:19 of 1st period - Denis Shvidki wins face-off versus Tomas Kopecky in Blackdemons zone.
9:20 of 1st period - Slapshot by Kris Beech.
9:20 of 1st period - Shot Misses the Net.
9:22 of 1st period - Slapshot by Mathieu Roy.
9:22 of 1st period - Stopped by Brent Johnson without a rebound.
9:23 of 1st period - Tomas Kopecky wins face-off versus Kris Beech in Blackdemons zone.
9:32 of 1st period - Wrist shot by Kris Beech.
9:32 of 1st period - Stopped by Brent Johnson with a rebound.
9:34 of 1st period - Wrist shot by Denis Shvidki.
9:34 of 1st period - Shot Misses the Net.
9:58 of 1st period - Snap shot by Rick Schofield.
9:58 of 1st period - Stopped by Brent Johnson without a rebound.
9:59 of 1st period - Rick Schofield wins face-off versus Enver Lisin in Blackdemons zone.
10:28 of 1st period - Slapshot by Kris Beech.
10:28 of 1st period - Stopped by Brent Johnson with a rebound.
10:30 of 1st period - Wrist shot by Denis Shvidki.
10:30 of 1st period - Shot Misses the Net.
10:32 of 1st period - Wrist shot by Keaton Ellerby.
10:32 of 1st period - Deflect By Denis Shvidki.
10:32 of 1st period - Stopped by Brent Johnson with a rebound.
11:18 of 1st period - Penalty to Matt Hunwick is over, Matt Hunwick is back on ice.
11:38 of 1st period - Wrist shot by Brad Staubitz.
11:38 of 1st period - Shot Blocked by Steven Zalewski.
12:35 of 1st period - Off-side.
12:36 of 1st period - Sam Gagner wins face-off versus MacGregor Sharp in neutral zone.
12:45 of 1st period - Wrist shot by Matt Hunwick.
12:45 of 1st period - Deflect By Denis Hamel.
12:45 of 1st period - Stopped by Todd Ford with a rebound.
12:57 of 1st period - Paul Bissonnette is hit by Jakub Kindl and loses puck.
13:45 of 1st period - Brad Staubitz is hit by Barry Tallackson and loses puck.
13:50 of 1st period - Snap shot by Barry Tallackson.
13:50 of 1st period - Deflect By Shawn Matthias.
13:50 of 1st period - Stopped by Todd Ford without a rebound.
13:51 of 1st period - Rick Schofield wins face-off versus Brandon Dubinsky in Spitfire zone.
13:56 of 1st period - Wrist shot by Erik Condra.
13:56 of 1st period - Deflect By Rick Schofield.
13:56 of 1st period - Shot Misses the Net.
13:56 of 1st period - Puck is out of play.
13:57 of 1st period - Rick Schofield wins face-off versus Brandon Dubinsky in Blackdemons zone.
14:06 of 1st period - Slapshot by Paul Bissonnette.
14:06 of 1st period - Deflect By Erik Condra.
14:06 of 1st period - Shot Misses the Net.
14:06 of 1st period - Puck is out of play.
14:07 of 1st period - Brandon Dubinsky wins face-off versus Kris Beech in Blackdemons zone.
14:50 of 1st period - Slapshot by Kris Beech.
14:50 of 1st period - Stopped by Brent Johnson with a rebound.
15:21 of 1st period - Snap shot by Denis Shvidki.
15:21 of 1st period - Stopped by Brent Johnson with a rebound.
15:27 of 1st period - Snap shot by Denis Shvidki.
15:27 of 1st period - Shot Blocked by Nate Prosser.
15:31 of 1st period - Snap shot by Tim Kennedy.
15:31 of 1st period - Deflect By Barry Tallackson.
15:31 of 1st period - Stopped by Brent Johnson with a rebound.
15:55 of 1st period - Wrist shot by Kris Beech.
15:55 of 1st period - Stopped by Brent Johnson with a rebound.
15:57 of 1st period - Snap shot by Denis Shvidki.
15:57 of 1st period - Shot Blocked by Shawn Matthias.
16:01 of 1st period - Snap shot by Denis Shvidki.
16:01 of 1st period - Stopped by Brent Johnson without a rebound.
16:02 of 1st period - Brandon Dubinsky wins face-off versus Rick Schofield in Blackdemons zone.
16:07 of 1st period - Wrist shot by Antoine Roussel.
16:07 of 1st period - Shot Blocked by Paul Bissonnette.
16:11 of 1st period - Snap shot by Enver Lisin.
16:11 of 1st period - Shot Misses the Net.
16:13 of 1st period - Snap shot by Andrew MacDonald.
16:13 of 1st period - Shot Misses the Net.
16:50 of 1st period - Matt Hunwick is hit by Michael Stone and loses puck.
17:09 of 1st period - Wrist shot by Antoine Roussel.
17:09 of 1st period - Stopped by Todd Ford without a rebound.
17:10 of 1st period - Brandon Dubinsky wins face-off versus MacGregor Sharp in Spitfire zone.
17:29 of 1st period - Keaton Ellerby is hit by Sam Gagner and loses puck.
17:45 of 1st period - Icing by Denis Hamel.
17:46 of 1st period - Sam Gagner wins face-off versus Raymond Sawada in Blackdemons zone.
18:16 of 1st period - Icing by Nate Prosser.
18:17 of 1st period - Rick Schofield wins face-off versus Steven Zalewski in Blackdemons zone.
18:18 of 1st period - Snap shot by Paul Bissonnette.
18:18 of 1st period - Stopped by Brent Johnson with a rebound.
18:32 of 1st period - Snap shot by Nate Prosser.
18:32 of 1st period - Shot Blocked by Peter Harrold.
18:34 of 1st period - Backhand shot by Nate Prosser.
18:34 of 1st period - Stopped by Todd Ford without a rebound.
18:35 of 1st period - Kris Beech wins face-off versus Brandon Dubinsky in Spitfire zone.
18:48 of 1st period - Slapshot by Tim Kennedy.
18:48 of 1st period - Shot Misses the Net.
19:00 of 1st period - Slapshot by Brad Staubitz.
19:00 of 1st period - Shot Blocked by Shawn Belle.
19:02 of 1st period - Slapshot by Peter Harrold.
19:02 of 1st period - Shot Blocked by Brandon Dubinsky.
19:04 of 1st period - Snap shot by MacGregor Sharp.
19:04 of 1st period - Shot Misses the Net.
19:06 of 1st period - Snap shot by MacGregor Sharp.
19:06 of 1st period - Shot Misses the Net.
19:08 of 1st period - Snap shot by Radek Smolenak.
19:08 of 1st period - Shot Blocked by Shawn Belle.
19:10 of 1st period - Slapshot by Brad Staubitz.
19:10 of 1st period - Shot Blocked by Shawn Belle.
19:32 of 1st period - Wrist shot by Tomas Kopecky.
19:32 of 1st period - Stopped by Todd Ford with a rebound.
Goals for this period are 1 for Spitfire vs 1 for Blackdemons.
Shots for this period are 15 for Spitfire vs 12 for Blackdemons.
2nd period
0:01 of 2nd period - Brandon Dubinsky wins face-off versus Kris Beech in neutral zone.
0:04 of 2nd period - Snap shot by Brandon Dubinsky.
0:04 of 2nd period - Stopped by Todd Ford with a rebound.
0:55 of 2nd period - Slapshot by Matt Hunwick.
0:55 of 2nd period - Shot Misses the Net.
1:27 of 2nd period - Off-side.
1:28 of 2nd period - Brandon Dubinsky wins face-off versus Kris Beech in neutral zone.
1:33 of 2nd period - Snap shot by Enver Lisin.
1:33 of 2nd period - Shot Blocked by Mathieu Roy.
1:35 of 2nd period - Slapshot by Brandon Dubinsky.
1:35 of 2nd period - Stopped by Todd Ford with a rebound.
1:37 of 2nd period - Wrist shot by Enver Lisin.
1:37 of 2nd period - Shot Misses the Net.
1:39 of 2nd period - Slapshot by Antoine Roussel.
1:39 of 2nd period - Stopped by Todd Ford with a rebound.
1:41 of 2nd period - Wrist shot by Antoine Roussel.
1:41 of 2nd period - Stopped by Todd Ford without a rebound.
1:42 of 2nd period - Sam Gagner wins face-off versus Rick Schofield in Spitfire zone.
1:51 of 2nd period - Snap shot by Erik Condra.
1:51 of 2nd period - Stopped by Brent Johnson with a rebound.
2:07 of 2nd period - MacGregor Sharp is hit by Antoine Roussel and loses puck.
2:16 of 2nd period - Wrist shot by Brandon Dubinsky.
2:16 of 2nd period - Shot Blocked by Brad Staubitz.
2:18 of 2nd period - Slapshot by Jakub Kindl.
2:18 of 2nd period - Stopped by Todd Ford without a rebound.
2:19 of 2nd period - Shawn Matthias wins face-off versus Kris Beech in Spitfire zone.
2:53 of 2nd period - Slapshot by Enver Lisin.
2:53 of 2nd period - Stopped by Todd Ford with a rebound.
3:05 of 2nd period - Snap shot by Sam Gagner.
3:05 of 2nd period - Shot Blocked by Radek Smolenak.
3:07 of 2nd period - Snap shot by Brendon Nash.
3:07 of 2nd period - Stopped by Todd Ford without a rebound.
3:08 of 2nd period - Sam Gagner wins face-off versus MacGregor Sharp in Spitfire zone.
3:13 of 2nd period - Slapshot by Denis Hamel.
3:13 of 2nd period - Stopped by Todd Ford without a rebound.
3:14 of 2nd period - Kris Beech wins face-off versus Sam Gagner in Spitfire zone.
3:29 of 2nd period - Slapshot by Denis Shvidki.
3:29 of 2nd period - Shot Misses the Net.
4:20 of 2nd period - Radek Smolenak is hit by Sam Gagner.
4:42 of 2nd period - Snap shot by Denis Hamel.
4:42 of 2nd period - Shot Blocked by Danny Syvret.
4:44 of 2nd period - Snap shot by Shawn Belle.
4:44 of 2nd period - Deflect By Danny Syvret.
4:44 of 2nd period - Stopped by Todd Ford without a rebound.
4:45 of 2nd period - Brandon Dubinsky wins face-off versus Kris Beech in Spitfire zone.
5:00 of 2nd period - Wrist shot by Enver Lisin.
5:00 of 2nd period - Shot Misses the Net.
5:35 of 2nd period - Snap shot by Raymond Sawada.
5:35 of 2nd period - Shot Misses the Net.
6:07 of 2nd period - Brad Staubitz is hit by Enver Lisin and loses puck.
8:13 of 2nd period - Minor Penalty to Kris Beech for Boarding.
8:14 of 2nd period - Sam Gagner wins face-off versus Denis Shvidki in Spitfire zone.
8:17 of 2nd period - Snap shot by Tomas Kopecky.
8:17 of 2nd period - Deflect By Peter Harrold.
8:17 of 2nd period - Shot Blocked by Peter Harrold.
8:17 of 2nd period - Puck is out of play.
8:18 of 2nd period - Denis Shvidki wins face-off versus Sam Gagner in Spitfire zone.
10:13 of 2nd period - Penalty to Kris Beech is over, Kris Beech is back on ice.
10:35 of 2nd period - Slapshot by Barry Tallackson.
10:35 of 2nd period - Stopped by Todd Ford with a rebound.
10:37 of 2nd period - Snap shot by Matt Calvert.
10:37 of 2nd period - Stopped by Todd Ford without a rebound.
10:38 of 2nd period - Steven Zalewski wins face-off versus Kris Beech in Spitfire zone.
10:59 of 2nd period - Slapshot by Shawn Matthias.
10:59 of 2nd period - Shot Misses the Net.
11:20 of 2nd period - Wrist shot by Brad Staubitz.
11:20 of 2nd period - Deflect By Shawn Belle.
11:20 of 2nd period - Stopped by Brent Johnson without a rebound.
11:21 of 2nd period - MacGregor Sharp wins face-off versus Sam Gagner in Blackdemons zone.
11:34 of 2nd period - Slapshot by Mathieu Roy.
11:34 of 2nd period - Stopped by Brent Johnson with a rebound.
11:36 of 2nd period - Snap shot by Radek Smolenak.
11:36 of 2nd period - Stopped by Brent Johnson with a rebound.
11:51 of 2nd period - Wrist shot by Tim Kennedy.
11:51 of 2nd period - Stopped by Brent Johnson with a rebound.
11:53 of 2nd period - Slapshot by Peter Harrold.
11:53 of 2nd period - Stopped by Brent Johnson without a rebound.
11:54 of 2nd period - Rick Schofield wins face-off versus Brandon Dubinsky in Blackdemons zone.
12:07 of 2nd period - Erik Condra is hit by Nate Prosser and loses puck.
13:37 of 2nd period - MacGregor Sharp is hit by Tomas Kopecky and loses puck.
13:58 of 2nd period - Denis Shvidki is hit by Shawn Matthias and loses puck.
14:17 of 2nd period - Wrist shot by Tim Kennedy.
14:17 of 2nd period - Stopped by Brent Johnson with a rebound.
14:23 of 2nd period - Paul Bissonnette is hit by Antoine Roussel and loses puck.
15:01 of 2nd period - Icing by Andrew MacDonald.
15:02 of 2nd period - Sam Gagner wins face-off versus Denis Shvidki in Blackdemons zone.
15:27 of 2nd period - Barry Tallackson is hit by Peter Harrold.
15:47 of 2nd period - Danny Syvret is hit by Matt Hunwick and loses puck.
15:56 of 2nd period - Slapshot by Rick Schofield.
15:56 of 2nd period - Stopped by Brent Johnson without a rebound.
15:57 of 2nd period - Kris Beech wins face-off versus Brandon Dubinsky in Blackdemons zone.
16:45 of 2nd period - Peter Harrold is hit by Shawn Matthias and loses puck.
16:54 of 2nd period - Snap shot by Brad Staubitz.
16:54 of 2nd period - Shot Misses the Net.
17:17 of 2nd period - Snap shot by Matt Calvert.
17:17 of 2nd period - Shot Blocked by Danny Syvret.
17:25 of 2nd period - Wrist shot by Brad Staubitz.
17:25 of 2nd period - Stopped by Brent Johnson with a rebound.
17:27 of 2nd period - Slapshot by Danny Syvret.
17:27 of 2nd period - Shot Blocked by Matt Hunwick.
17:29 of 2nd period - Snap shot by Radek Smolenak.
17:29 of 2nd period - Shot Blocked by Jakub Kindl.
17:31 of 2nd period - Slapshot by Danny Syvret.
17:31 of 2nd period - Stopped by Brent Johnson with a rebound.
17:33 of 2nd period - Snap shot by Brad Staubitz.
17:33 of 2nd period - Goal by Brad Staubitz - Spitfire : 2 - Blackdemons : 1.
17:34 of 2nd period - Denis Shvidki wins face-off versus Brandon Dubinsky in neutral zone.
17:38 of 2nd period - Mathieu Roy is hit by Nate Prosser and loses puck.
18:20 of 2nd period - Snap shot by Raymond Sawada.
18:20 of 2nd period - Deflect By Barry Tallackson.
18:20 of 2nd period - Shot Blocked by Zach Boychuk.
18:20 of 2nd period - Puck is out of play.
18:21 of 2nd period - Shawn Matthias wins face-off versus Denis Shvidki in Blackdemons zone.
18:29 of 2nd period - Off-side.
18:30 of 2nd period - Kris Beech wins face-off versus Brandon Dubinsky in neutral zone.
19:01 of 2nd period - Rick Schofield is hit by Tomas Kopecky and loses puck.
19:08 of 2nd period - Snap shot by Keaton Ellerby.
19:08 of 2nd period - Shot Misses the Net.
19:10 of 2nd period - Slapshot by Keaton Ellerby.
19:10 of 2nd period - Deflect By Erik Condra.
19:10 of 2nd period - Goal by Erik Condra - Spitfire : 3 - Blackdemons : 1.
19:11 of 2nd period - Kris Beech wins face-off versus Brandon Dubinsky in neutral zone.
19:16 of 2nd period - Wrist shot by Denis Shvidki.
19:16 of 2nd period - Stopped by Brent Johnson with a rebound.
19:36 of 2nd period - Peter Harrold is hit by Nate Prosser and loses puck.
19:41 of 2nd period - Wrist shot by Tomas Kopecky.
19:41 of 2nd period - Shot Blocked by Mathieu Roy.
Goals for this period are 2 for Spitfire vs 0 for Blackdemons.
Shots for this period are 13 for Spitfire vs 11 for Blackdemons.
3rd period
0:01 of 3rd period - Antoine Roussel wins face-off versus Kris Beech in neutral zone.
0:16 of 3rd period - Slapshot by Peter Harrold.
0:16 of 3rd period - Stopped by Brent Johnson with a rebound.
0:51 of 3rd period - Danny Syvret is hit by Denis Hamel and loses puck.
1:39 of 3rd period - Slapshot by Brendon Nash.
1:39 of 3rd period - Stopped by Todd Ford with a rebound.
1:41 of 3rd period - Wrist shot by Steven Zalewski.
1:41 of 3rd period - Goal by Steven Zalewski - Spitfire : 3 - Blackdemons : 2.
1:42 of 3rd period - Kris Beech wins face-off versus Brandon Dubinsky in neutral zone.
1:56 of 3rd period - Off-side.
1:57 of 3rd period - Sam Gagner wins face-off versus Rick Schofield in neutral zone.
2:02 of 3rd period - Snap shot by Sam Gagner.
2:02 of 3rd period - Deflect By Rick Schofield.
2:02 of 3rd period - Shot Misses the Net.
2:02 of 3rd period - Puck is out of play.
2:03 of 3rd period - Rick Schofield wins face-off versus Sam Gagner in Spitfire zone.
2:18 of 3rd period - Wrist shot by Paul Bissonnette.
2:18 of 3rd period - Shot Misses the Net.
2:21 of 3rd period - Icing by Nate Prosser.
2:22 of 3rd period - Denis Hamel wins face-off versus Kris Beech in Blackdemons zone.
2:54 of 3rd period - Wrist shot by Tomas Kopecky.
2:54 of 3rd period - Stopped by Todd Ford with a rebound.
3:01 of 3rd period - Minor Penalty to Kris Beech for Holding.
3:02 of 3rd period - Brandon Dubinsky wins face-off versus Denis Shvidki in Spitfire zone.
4:44 of 3rd period - Keaton Ellerby is hit by Barry Tallackson and loses puck.
5:01 of 3rd period - Penalty to Kris Beech is over, Kris Beech is back on ice.
5:05 of 3rd period - Keaton Ellerby is hit by Tomas Kopecky and loses puck.
5:23 of 3rd period - Icing by Steven Zalewski.
5:24 of 3rd period - Kris Beech wins face-off versus Steven Zalewski in Blackdemons zone.
6:03 of 3rd period - Slapshot by Peter Harrold.
6:03 of 3rd period - Stopped by Brent Johnson without a rebound.
6:04 of 3rd period - Rick Schofield wins face-off versus Enver Lisin in Blackdemons zone.
6:05 of 3rd period - Snap shot by Paul Bissonnette.
6:05 of 3rd period - Shot Misses the Net.
6:07 of 3rd period - Snap shot by Paul Bissonnette.
6:07 of 3rd period - Stopped by Brent Johnson without a rebound.
6:08 of 3rd period - Brandon Dubinsky wins face-off versus Kris Beech in Blackdemons zone.
6:16 of 3rd period - Slapshot by Antoine Roussel.
6:16 of 3rd period - Stopped by Todd Ford without a rebound.
6:17 of 3rd period - Kris Beech wins face-off versus Brandon Dubinsky in Spitfire zone.
6:42 of 3rd period - Antoine Roussel is hit by Denis Shvidki and loses puck.
6:59 of 3rd period - Wrist shot by Denis Shvidki.
6:59 of 3rd period - Stopped by Brent Johnson with a rebound.
7:11 of 3rd period - Snap shot by Kris Beech.
7:11 of 3rd period - Stopped by Brent Johnson with a rebound.
7:52 of 3rd period - Brendon Nash is hit by Tim Kennedy and loses puck.
8:14 of 3rd period - Off-side.
8:15 of 3rd period - Rick Schofield wins face-off versus Tomas Kopecky in neutral zone.
9:02 of 3rd period - Erik Condra is hit by Jakub Kindl and loses puck.
10:11 of 3rd period - Wrist shot by Tomas Kopecky.
10:11 of 3rd period - Shot Misses the Net.
10:18 of 3rd period - Icing by Raymond Sawada.
10:19 of 3rd period - Raymond Sawada wins face-off versus Shawn Matthias in Spitfire zone.
10:30 of 3rd period - Andrew Campbell is hit by Matt Hunwick and loses puck.
10:43 of 3rd period - Backhand shot by Erik Condra.
10:43 of 3rd period - Stopped by Brent Johnson without a rebound.
10:44 of 3rd period - Steven Zalewski wins face-off versus Rick Schofield in Blackdemons zone.
11:14 of 3rd period - Tony Lucia is hit by Denis Hamel.
12:13 of 3rd period - Snap shot by Tomas Kopecky.
12:13 of 3rd period - Shot Misses the Net.
12:15 of 3rd period - Slapshot by Matt Hunwick.
12:15 of 3rd period - Shot Misses the Net.
12:41 of 3rd period - Slapshot by Shawn Matthias.
12:41 of 3rd period - Stopped by Todd Ford without a rebound.
12:42 of 3rd period - Shawn Matthias wins face-off versus Erik Condra in Spitfire zone.
12:49 of 3rd period - Slapshot by Erik Condra.
12:49 of 3rd period - Goal by Erik Condra - Spitfire : 4 - Blackdemons : 2.
12:50 of 3rd period - Brandon Dubinsky wins face-off versus Kris Beech in neutral zone.
12:53 of 3rd period - Wrist shot by Enver Lisin.
12:53 of 3rd period - Shot Blocked by Peter Harrold.
12:59 of 3rd period - Snap shot by Mathieu Roy.
12:59 of 3rd period - Stopped by Brent Johnson with a rebound.
13:40 of 3rd period - Icing by Mathieu Roy.
13:41 of 3rd period - Zach Boychuk wins face-off versus MacGregor Sharp in Spitfire zone.
13:47 of 3rd period - Off-side.
13:48 of 3rd period - Brad Staubitz wins face-off versus Brandon Dubinsky in neutral zone.
14:10 of 3rd period - Minor Penalty to Enver Lisin for Delaying the game.
14:11 of 3rd period - Tomas Kopecky wins face-off versus Kris Beech in Blackdemons zone.
14:53 of 3rd period - Tomas Kopecky is hit by Peter Harrold and loses puck.
16:10 of 3rd period - Penalty to Enver Lisin is over, Enver Lisin is back on ice.
16:22 of 3rd period - Shawn Belle is hit by Rick Schofield.
16:38 of 3rd period - Keaton Ellerby is hit by Sam Gagner and loses puck.
16:57 of 3rd period - Danny Syvret is hit by Enver Lisin and loses puck.
17:16 of 3rd period - Brendon Nash is hit by Matt Delahey and loses puck.
18:00 of 3rd period - Slapshot by Shawn Belle.
18:00 of 3rd period - Stopped by Todd Ford without a rebound.
18:01 of 3rd period - Matt Calvert wins face-off versus Radek Smolenak in Spitfire zone.
18:08 of 3rd period - Snap shot by Steven Zalewski.
18:08 of 3rd period - Stopped by Todd Ford without a rebound.
18:09 of 3rd period - Shawn Matthias wins face-off versus Kris Beech in Spitfire zone.
18:20 of 3rd period - Wrist shot by Barry Tallackson.
18:20 of 3rd period - Stopped by Todd Ford with a rebound.
18:22 of 3rd period - Snap shot by Barry Tallackson.
18:22 of 3rd period - Stopped by Todd Ford without a rebound.
18:23 of 3rd period - Brandon Dubinsky wins face-off versus Denis Shvidki in Spitfire zone.
18:28 of 3rd period - Snap shot by Antoine Roussel.
18:28 of 3rd period - Shot Hit the Post.
18:30 of 3rd period - Slapshot by Jakub Kindl.
18:30 of 3rd period - Stopped by Todd Ford with a rebound.
18:32 of 3rd period - Slapshot by Matt Hunwick.
18:32 of 3rd period - Deflect By Enver Lisin.
18:32 of 3rd period - Shot Misses the Net.
18:32 of 3rd period - Puck is out of play.
18:33 of 3rd period - Enver Lisin wins face-off versus Denis Shvidki in Spitfire zone.
18:34 of 3rd period - Snap shot by Antoine Roussel.
18:34 of 3rd period - Shot Misses the Net.
18:50 of 3rd period - Matt Hunwick is hit by Raymond Sawada and loses puck.
19:03 of 3rd period - Snap shot by Enver Lisin.
19:03 of 3rd period - Shot Blocked by Raymond Sawada.
19:05 of 3rd period - Wrist shot by Brandon Dubinsky.
19:05 of 3rd period - Shot Misses the Net.
19:07 of 3rd period - Snap shot by Antoine Roussel.
19:07 of 3rd period - Shot Blocked by Raymond Sawada.
19:09 of 3rd period - Slapshot by Matt Hunwick.
19:09 of 3rd period - Shot Blocked by Mathieu Roy.
19:09 of 3rd period - Mathieu Roy from Spitfire is injured at 19:09 of 3rd period (Sprained Left Ankle).
19:10 of 3rd period - Denis Shvidki wins face-off versus Shawn Matthias in Spitfire zone.
19:10 of 3rd period - Denis Shvidki is hit by Zach Boychuk.
Goals for this period are 1 for Spitfire vs 1 for Blackdemons.
Shots for this period are 8 for Spitfire vs 10 for Blackdemons.
Output by the SimonT Hockey Simulator (STHS) for François Prévost -- Original Page W3C XHTML 1.0 Valid